AoeStats
← Scarecrow

Arabia

510086466Analyzed
2v2 RM · 4d ago on Sep 29, 2026· 50m 23s· 4 players
Game mode
Random Map
Map size
Medium (4 player)
Population
200
Speed
Normal
Resources
Standard
Victory
Conquest
Starting age
Dark Age
Ending age
Imperial Age
RankedLock teamsTeams togetherTeam positionsShared explorationLock speedFull tech treeHidden civsTurbo modeCheats
Victory
Defeat
🇨🇳 Franks · China
1105
+12
958
+18
🇦🇺 Mongols · Australia
1013
-15
🇰🇷 Franks · South Korea
1000
-45
Scarecrow
10:58 Feudal Age
10:58 Loom
13:17 Double-Bit Axe
28:20 Castle Age
26:33 Gold Mining
29:59 Wheelbarrow
28:55 Pikeman
29:35 Squires
30:29 Bow Saw
31:54 Gold Shaft Mining
31:19 Town Watch
32:51 Scale Mail Armor
33:02 Forging
38:07 Stone Mining
38:35 Hand Cart
38:23 Town Patrol
42:01 Chain Mail Armor
42:22 Iron Casting
43:46 Murder Holes
44:49 Padded Archer Armor
49:01 Ballistics
Raznaz
10:39 Feudal Age
8:55 Loom
11:37 Double-Bit Axe
11:34 Horse Collar
19:25 Castle Age
18:18 Gold Mining
19:09 Bloodlines
19:12 Forging
20:58 Bow Saw
20:51 Heavy Plow
24:01 Wheelbarrow
25:11 Scale Barding Armor
27:36 Iron Casting
29:46 Chain Barding Armor
32:02 Pikeman
37:43 Imperial Age
35:49 Hand Cart
35:44 Town Watch
37:30 Gold Shaft Mining
38:07 Husbandry
38:18 Stone Mining
37:58 Elite Steppe Lancer
39:46 Ballistics
40:59 Blast Furnace
39:51 Fletching
40:01 Padded Archer Armor
41:16 Thumb Ring
42:06 Elite Mangudai
44:21 Parthian Tactics
44:00 Bodkin Arrow
44:21 Leather Archer Armor
43:34 Light Cavalry
46:05 Bracer
49:26 Elite Skirmisher
菜鸟蛋小黄
7:55 Loom
10:29 Feudal Age
23:48 Castle Age
21:48 Double-Bit Axe
26:18 Scale Barding Armor
29:34 Husbandry
32:25 Wheelbarrow
31:43 Stone Mining
31:43 Gold Mining
33:07 Chain Barding Armor
32:58 Forging
35:08 Hand Cart
36:09 Iron Casting
36:13 Bow Saw
36:40 Gold Shaft Mining
41:23 Imperial Age
42:00 Cavalier
44:31 Scale Mail Armor
45:34 Blast Furnace
49:20 Paladin
幸亏我及时的护住了脸
6:42 Loom
12:24 Feudal Age
17:52 Castle Age
16:23 Double-Bit Axe
17:42 Bloodlines
18:01 Scale Barding Armor
18:51 Stone Mining
21:16 Gold Mining
23:46 Husbandry
25:42 Gold Shaft Mining
30:14 Horse Collar
30:46 Bow Saw
31:17 Town Watch
36:11 Imperial Age
35:09 Wheelbarrow
37:09 Hand Cart
37:20 Conscription
37:02 Corvinian Army
36:23 Elite Magyar Huszar
38:31 Chain Barding Armor
38:02 Fletching
38:26 Thumb Ring
39:20 Parthian Tactics
39:16 Recurve Bow
41:02 Bodkin Arrow
41:43 Plate Barding Armor
42:46 Ballistics
43:34 Chemistry
42:37 Bracer
43:37 Padded Archer Armor
44:03 Town Patrol
43:25 Heavy Cavalry Archer
45:00 Leather Archer Armor
Connection lost

Rejoining the realm…

Still unreachable

The connection could not be restored.

Session expired

The server has moved on; the page needs a fresh start.